New York Rangers vs Detroit Red Wings
(R2)
Created - Monday, February 3, 2025 at 09:39
Goals
|
| New York Rangers |
1 |
0 |
1 |
2 |
| Detroit Red Wings |
1 |
2 |
1 |
4 |
|
Shots
|
| New York Rangers |
13 |
7 |
13 |
33 |
| Detroit Red Wings |
10 |
10 |
6 |
26 |
|
1st period
1. Detroit Red Wings , Tyler Johnson 1 (Raphael Lavoie 1) at 13:30
2. New York Rangers , Mathew Barzal 2 (Joe Pavelski 1) at 15:18
Penalties :
No Penalty
2nd period
3. Detroit Red Wings , Mika Zibanejad 2 (Matthew Boldy 1, Jackson LaCombe 1) at 0:14
4. Detroit Red Wings , Brendan Gallagher 1 (Christian Fischer 1) at 10:56 (PP)
Penalties :
Jake McCabe (NYR) for Interference (Minor) at 9:11, Jake Walman (NYR) for Interference (Minor) at 18:13, Carter Verhaeghe (DET) for Hooking (Minor) at 19:03
3rd period
5. Detroit Red Wings , Mika Zibanejad 3 (Matthew Boldy 2, MacKenzie Weegar 3) at 15:56
6. New York Rangers , Joe Pavelski 2 (Mathew Barzal 1) at 16:34
Penalties :
Artemi Panarin (NYR) for Roughing (Minor) at 7:16, MacKenzie Weegar (DET) for Hooking (Minor) at 16:39, Kevin Stenlund (DET) for Holding (Minor) at 17:00
Goalie Stats
Igor Shesterkin (NYR), 22 saves from 26 shots - (0.846), L, 1-2-0, 60:00 minutes
Calvin Pickard (DET), 31 saves from 33 shots - (0.939), W, 2-0-0, 60:00 minutes
Players Stats for New York Rangers
Player Name G A P +/- PIM S H SB GA TA FO MP PP MP PK MP
------------------------------------------------------------------------------------
Adam Larsson 0 0 0 0 0 0 2 0 0 0 0/0 18:48 0:00 1:11
Artemi Panarin 0 0 0 0 2 9 1 0 1 0 0/0 19:21 2:59 0:00
Brendan Smith 0 0 0 1 0 1 0 1 0 2 0/0 17:57 0:00 1:45
Cam Fowler 0 0 0 -2 0 1 1 2 0 0 0/0 23:55 2:48 2:42
Cole Caufield 0 0 0 0 0 2 1 0 2 0 0/0 18:12 2:31 0:05
Conor Garland 0 0 0 -1 0 1 1 0 0 0 0/0 8:09 0:00 0:00
David Kampf 0 0 0 -1 0 0 0 0 0 0 1/4 10:02 0:00 2:17
Dylan Strome 0 0 0 0 0 1 0 0 0 0 4/13 16:32 0:11 0:00
Jake McCabe 0 0 0 -2 2 1 0 1 0 2 0/0 18:16 0:28 0:00
Jake Walman 0 0 0 0 2 0 1 4 0 0 0/0 20:01 0:33 2:26
Joe Pavelski 1 1 2 0 0 1 0 0 1 0 12/20 14:53 0:00 0:00
Marcus Foligno 0 0 0 -1 0 1 1 0 0 1 0/0 10:26 0:00 2:17
Mathew Barzal 1 1 2 0 0 5 1 0 3 0 1/2 18:25 2:59 0:00
Matthew Benning 0 0 0 1 0 1 2 0 0 0 0/0 16:04 0:00 1:04
Mikael Granlund 0 0 0 0 0 1 1 0 0 0 6/11 15:22 0:22 2:12
Nathan MacKinnon 0 0 0 0 0 3 0 0 1 2 4/7 19:34 2:59 0:00
Nikolaj Ehlers 0 0 0 0 0 5 1 0 3 1 0/2 13:09 0:00 0:05
Teuvo Teravainen 0 0 0 0 0 0 1 0 0 2 1/2 15:08 0:00 2:12
Players Stats for Detroit Red Wings
Player Name G A P +/- PIM S H SB GA TA FO MP PP MP PK MP
------------------------------------------------------------------------------------
Brendan Gallagher 1 0 1 0 0 1 0 0 0 0 0/0 7:40 0:42 0:00
Carter Verhaeghe 0 0 0 1 2 1 0 1 1 1 0/1 18:05 1:32 0:00
Christian Fischer 0 1 1 1 0 2 0 0 0 1 0/1 13:26 0:26 0:14
Daniel Sprong 0 0 0 -1 0 1 0 0 1 0 0/0 17:35 2:20 0:00
Jackson LaCombe 0 1 1 1 0 0 1 1 0 0 0/0 17:44 1:10 1:59
Jared McCann 0 0 0 -1 0 2 3 1 1 0 0/1 17:27 2:28 0:00
Jeff Petry 0 0 0 0 0 0 1 3 1 4 0/0 20:09 2:29 0:43
Keegan Kolesar 0 0 0 0 0 0 1 0 0 0 0/0 7:48 0:00 0:45
Kevin Stenlund 0 0 0 0 2 0 0 1 0 0 4/4 8:45 0:36 0:44
MacKenzie Weegar 0 1 1 2 2 2 0 0 2 2 0/0 26:58 1:18 0:49
Matthew Boldy 0 2 2 1 0 3 0 0 1 1 0/0 18:01 1:33 0:00
Mika Zibanejad 2 0 2 1 0 3 1 0 0 0 9/24 19:32 1:33 0:39
Raphael Lavoie 0 1 1 1 0 1 1 0 0 0 6/10 13:43 0:00 0:12
Shayne Gostisbehere 0 0 0 0 0 1 0 2 1 0 0/0 21:08 2:37 1:59
Steven Stamkos 0 0 0 -1 0 1 3 2 1 1 13/20 18:52 2:22 1:46
Tyler Johnson 1 0 1 1 0 4 0 0 1 0 0/0 12:24 0:09 0:00
Zach Bogosian 0 0 0 -1 0 1 1 1 0 0 0/0 10:30 0:03 0:00
Zachary Werenski 0 0 0 0 0 3 1 1 0 1 0/0 24:13 1:31 1:11
3 Stars
1 - Mika Zibanejad (DET)
2 - Calvin Pickard (DET)
3 - Matthew Boldy (DET)
Power Play
New York Rangers - 0 on 3 Attempt(s) - 0.00%
Detroit Red Wings - 1 on 3 Attempt(s) - 33.33%
Penalty Kill
New York Rangers - 2 on 3 Attempt(s) - 66.67%
- Score 0 goal in Penalty Kill
Detroit Red Wings - 3 on 3 Attempt(s) - 100.00%
- Score 0 goal in Penalty Kill
Team Stat
New York Rangers - Hits : 14 - Faceoff Wins : 29 - Blocked Shots : 8 - Penalty Minutes : 6
Detroit Red Wings - Hits : 13 - Faceoff Wins : 32 - Blocked Shots : 13 - Penalty Minutes : 6
Official
Referees : Garrett Rank and Brandon Schrader
Linesman : Brandon Gawryletz and Jonny Murray
Game Notes
No Game Note
Finance
Level 1 -- Attendance: 5138 (85.63%) -- Ticket Income $513,800
Level 2 -- Attendance: 3462 (69.24%) -- Ticket Income $207,720
Level 3 -- Attendance: 2142 (71.40%) -- Ticket Income $74,970
Level 4 -- Attendance: 3951 (79.02%) -- Ticket Income $98,775
Luxury Box -- Attendance: 779 (77.90%) -- Ticket Income $155,800
Game was played at the Joe Louis Arena.
Total Attendance: 15472 (77.36%)
Total Ticket Income: $1,051,065
Other Income: $367,873
Total Income: $1,418,938
New York Rangers
5 vs 5 Forward
Center Left Wing Right Wing Time % Phy DF OF
1 Dylan Strome Artemi Panarin Nathan MacKinnon 30 0 1 4
2 Joe Pavelski Cole Caufield Mathew Barzal 30 1 1 3
3 Mikael Granlund Teuvo Teravainen Nikolaj Ehlers 25 1 2 2
4 David Kampf Conor Garland Marcus Foligno 15 1 3 1
5 vs 5 Defense
Defense Defense Time % Phy DF OF
1 Cam Fowler Jake McCabe 40 1 2 2
2 Adam Larsson Jake Walman 35 1 2 2
3 Brendan Smith Matthew Benning 25 1 2 2
4 Cam Fowler Jake McCabe 0 1 2 2
PowerPlay Forward
Center Left Wing Right Wing Time % Phy DF OF
1 Nathan MacKinnon Artemi Panarin Mathew Barzal 60 0 1 4
2 Dylan Strome Joe Pavelski Teuvo Teravainen 40 0 1 4
PowerPlay Defense
Defense Defense Time % Phy DF OF
1 Cam Fowler Cole Caufield 60 0 2 3
2 Mikael Granlund Jake Walman 40 0 2 3
Penalty Kill 4 Players Forward
Center Wing Time % Phy DF OF
1 David Kampf Marcus Foligno 50 1 3 1
2 Mikael Granlund Teuvo Teravainen 50 1 3 1
Penalty Kill 4 Players Defense
Defense Defense Time % Phy DF OF
1 Cam Fowler Brendan Smith 50 1 3 1
2 Matthew Benning Jake Walman 50 1 3 1
Penalty Kill - 3 Players Forward
Forward Time % Phy DF OF
1 David Kampf 50 1 4 0
2 Mikael Granlund 50 1 4 0
Penalty Kill - 3 Players Defense
Defense Defense Time % Phy DF OF
1 Cam Fowler Brendan Smith 50 1 4 0
2 Matthew Benning Jake Walman 50 1 4 0
4 vs 4 Forward
Center Wing Time % Phy DF OF
1 Nathan MacKinnon Artemi Panarin 50 1 2 2
2 Dylan Strome Cole Caufield 50 1 2 2
4 vs 4 Defense
Defense Defense Time % Phy DF OF
1 Cam Fowler Jake McCabe 50 1 2 2
2 Adam Larsson Jake Walman 50 1 2 2
Last Minutes Offensive
Center Left Wing Right Wing Defense Defense
Nathan MacKinnon Artemi Panarin Mathew Barzal Cam Fowler Jake Walman
Last Minutes Defensive
Center Left Wing Right Wing Defense Defense
David Kampf Mikael Granlund Marcus Foligno Matthew Benning Brendan Smith
Goaltenders
Starting : Igor Shesterkin
Backup : Kevin Lankinen
Extra Forwards
Normal : Dylan Strome, Teuvo Teravainen, Nikolaj Ehlers - PP : Dylan Strome, Teuvo Teravainen - PK : Nikolaj Ehlers
Extra Defensemen
Normal : Brendan Smith, Matthew Benning, Adam Larsson - PP : Brendan Smith - PK : Matthew Benning, Adam Larsson
Penalty Shots
Artemi Panarin, Dylan Strome, Cole Caufield, Conor Garland, Nathan MacKinnon
Scratches
None
Detroit Red Wings
5 vs 5 Forward
Center Left Wing Right Wing Time % Phy DF OF
1 Mika Zibanejad Carter Verhaeghe Matthew Boldy 35 1 2 2
2 Steven Stamkos Jared McCann Daniel Sprong 35 1 1 3
3 Raphael Lavoie Tyler Johnson Christian Fischer 20 1 2 2
4 Kevin Stenlund Brendan Gallagher Keegan Kolesar 10 2 2 1
5 vs 5 Defense
Defense Defense Time % Phy DF OF
1 Zachary Werenski MacKenzie Weegar 40 1 2 2
2 Shayne Gostisbehere Jeff Petry 30 1 2 2
3 Jackson LaCombe Zach Bogosian 20 3 1 1
4 Jackson LaCombe MacKenzie Weegar 10 1 2 2
PowerPlay Forward
Center Left Wing Right Wing Time % Phy DF OF
1 Steven Stamkos Jared McCann Daniel Sprong 50 0 1 4
2 Mika Zibanejad Carter Verhaeghe Matthew Boldy 50 0 1 4
PowerPlay Defense
Defense Defense Time % Phy DF OF
1 Shayne Gostisbehere MacKenzie Weegar 50 1 2 2
2 Zachary Werenski Jeff Petry 50 1 2 2
Penalty Kill 4 Players Forward
Center Wing Time % Phy DF OF
1 Mika Zibanejad Christian Fischer 50 2 2 1
2 Kevin Stenlund Keegan Kolesar 50 2 2 1
Penalty Kill 4 Players Defense
Defense Defense Time % Phy DF OF
1 Jackson LaCombe MacKenzie Weegar 50 2 2 1
2 Zachary Werenski Jeff Petry 50 2 2 1
Penalty Kill - 3 Players Forward
Forward Time % Phy DF OF
1 Mika Zibanejad 50 1 2 2
2 Steven Stamkos 50 1 2 2
Penalty Kill - 3 Players Defense
Defense Defense Time % Phy DF OF
1 Jackson LaCombe MacKenzie Weegar 50 1 2 2
2 Zachary Werenski Jeff Petry 50 2 2 1
4 vs 4 Forward
Center Wing Time % Phy DF OF
1 Mika Zibanejad Carter Verhaeghe 60 1 2 2
2 Steven Stamkos Matthew Boldy 40 1 1 3
4 vs 4 Defense
Defense Defense Time % Phy DF OF
1 Zachary Werenski MacKenzie Weegar 60 1 2 2
2 Jackson LaCombe Jeff Petry 40 1 2 2
Last Minutes Offensive
Center Left Wing Right Wing Defense Defense
Mika Zibanejad Carter Verhaeghe Matthew Boldy Zachary Werenski MacKenzie Weegar
Last Minutes Defensive
Center Left Wing Right Wing Defense Defense
Mika Zibanejad Carter Verhaeghe Matthew Boldy Zachary Werenski MacKenzie Weegar
Goaltenders
Starting : Calvin Pickard
Backup : Laurent Brossoit
Extra Forwards
Normal : Raphael Lavoie, Christian Fischer, Daniel Sprong - PP : Kevin Stenlund, Daniel Sprong - PK : Steven Stamkos
Extra Defensemen
Normal : Shayne Gostisbehere, Jackson LaCombe, Zachary Werenski - PP : Shayne Gostisbehere - PK : Shayne Gostisbehere, Jackson LaCombe
Penalty Shots
Mika Zibanejad, Steven Stamkos, Matthew Boldy, Carter Verhaeghe, Jared McCann
Scratches
Alexander Barabanov (Healthy), Kevin Shattenkirk (Healthy), Yakov Trenin (Healthy), Vitek Vanecek (Healthy)
% Time on Ice - New York Rangers
Lines # - Real PCT - Wanted PCT - Time Play
Normal Forward
1 - 32% - 30% - 16:20
2 - 30% - 30% - 15:10
3 - 24% - 25% - 12:18
4 - 14% - 15% - 7:19
Normal Defense
1 - 38% - 40% - 19:30
2 - 34% - 35% - 17:18
3 - 28% - 25% - 14:19
4 - 0% - 0% - 0:00
PP Forward
1 - 94% - 60% - 2:59
2 - 6% - 40% - 0:11
PP Defense
1 - 88% - 60% - 2:48
2 - 12% - 40% - 0:22
PK Forward
1 - 52% - 50% - 2:22
2 - 48% - 50% - 2:12
PK Defense
1 - 59% - 50% - 2:42
2 - 41% - 50% - 1:52
PK3 Forward
1 - 0% - 50%
2 - 0% - 50%
PK3 Defense
1 - 0% - 50%
2 - 0% - 50%
44 Forward
1 - 59% - 50% - 0:41
2 - 41% - 50% - 0:28
44 Defense
1 - 19% - 50% - 0:13
2 - 81% - 50% - 0:56
Last Minute Offensive - 0:00
Last Minute Defensive - 0:00
Total
Forward - 60:00
Defense - 60:00
|
% Time on Ice - Detroit Red Wings
Lines # - Real PCT - Wanted PCT - Time Play
Normal Forward
1 - 32% - 35% - 16:28
2 - 30% - 35% - 15:27
3 - 24% - 20% - 12:15
4 - 14% - 10% - 6:57
Normal Defense
1 - 40% - 40% - 20:39
2 - 32% - 30% - 16:31
3 - 20% - 20% - 10:27
4 - 7% - 10% - 3:30
PP Forward
1 - 66% - 50% - 3:01
2 - 34% - 50% - 1:33
PP Defense
1 - 46% - 50% - 2:05
2 - 54% - 50% - 2:29
PK Forward
1 - 28% - 50% - 0:26
2 - 72% - 50% - 1:06
PK Defense
1 - 53% - 50% - 0:49
2 - 47% - 50% - 0:43
PK3 Forward
1 - 13% - 50% - 0:13
2 - 87% - 50% - 1:25
PK3 Defense
1 - 100% - 50% - 1:38
2 - 0% - 50% - 0:00
44 Forward
1 - 100% - 60% - 1:09
2 - 0% - 40% - 0:00
44 Defense
1 - 77% - 60% - 0:53
2 - 23% - 40% - 0:16
Last Minute Offensive - 0:00
Last Minute Defensive - 0:00
Total
Forward - 60:00
Defense - 60:00
|
Play-by-Play
1st period
0:01 of 1st period - Mika Zibanejad wins face-off versus Dylan Strome in neutral zone.
0:31 of 1st period - Snap shot by Steven Stamkos.
0:31 of 1st period - Shot Blocked by Jake Walman.
0:33 of 1st period - Slapshot by Zachary Werenski.
0:33 of 1st period - Stopped by Igor Shesterkin without a rebound.
0:34 of 1st period - Raphael Lavoie wins face-off versus Teuvo Teravainen in New York Rangers zone.
0:35 of 1st period - Snap shot by Tyler Johnson.
0:35 of 1st period - Stopped by Igor Shesterkin without a rebound.
0:36 of 1st period - Raphael Lavoie wins face-off versus Mikael Granlund in New York Rangers zone.
0:43 of 1st period - Wrist shot by Tyler Johnson.
0:43 of 1st period - Deflect By Nikolaj Ehlers.
0:43 of 1st period - Stopped by Igor Shesterkin without a rebound.
0:44 of 1st period - Mikael Granlund wins face-off versus Raphael Lavoie in New York Rangers zone.
1:03 of 1st period - Wrist shot by Nikolaj Ehlers.
1:03 of 1st period - Shot Hit the Post.
1:15 of 1st period - Snap shot by Tyler Johnson.
1:15 of 1st period - Shot Misses the Net.
1:21 of 1st period - Snap shot by Christian Fischer.
1:21 of 1st period - Stopped by Igor Shesterkin with a rebound.
1:43 of 1st period - Wrist shot by Nikolaj Ehlers.
1:43 of 1st period - Stopped by Calvin Pickard without a rebound.
1:44 of 1st period - Steven Stamkos wins face-off versus Joe Pavelski in Detroit Red Wings zone.
2:22 of 1st period - Wrist shot by Carter Verhaeghe.
2:22 of 1st period - Deflect By Matthew Boldy.
2:22 of 1st period - Stopped by Igor Shesterkin without a rebound.
2:23 of 1st period - Kevin Stenlund wins face-off versus Dylan Strome in New York Rangers zone.
2:55 of 1st period - Wrist shot by Steven Stamkos.
2:55 of 1st period - Shot Misses the Net.
3:40 of 1st period - Off-side.
3:41 of 1st period - Mika Zibanejad wins face-off versus Nathan MacKinnon in neutral zone.
3:56 of 1st period - Slapshot by Artemi Panarin.
3:56 of 1st period - Stopped by Calvin Pickard with a rebound.
3:58 of 1st period - Slapshot by Cam Fowler.
3:58 of 1st period - Shot Misses the Net.
4:17 of 1st period - Snap shot by Cole Caufield.
4:17 of 1st period - Shot Blocked by Zachary Werenski.
4:33 of 1st period - Wrist shot by Brendan Gallagher.
4:33 of 1st period - Deflect By Keegan Kolesar.
4:33 of 1st period - Shot Blocked by Jake Walman.
4:33 of 1st period - Puck is out of play.
4:34 of 1st period - Kevin Stenlund wins face-off versus Dylan Strome in New York Rangers zone.
5:08 of 1st period - Joe Pavelski is hit by Steven Stamkos and loses puck.
5:17 of 1st period - Shayne Gostisbehere is hit by Matthew Benning and loses puck.
5:57 of 1st period - Icing by Brendan Smith.
5:58 of 1st period - Steven Stamkos wins face-off versus David Kampf in New York Rangers zone.
9:50 of 1st period - Icing by Mikael Granlund.
9:51 of 1st period - Mikael Granlund wins face-off versus Mika Zibanejad in New York Rangers zone.
10:00 of 1st period - Snap shot by Nikolaj Ehlers.
10:00 of 1st period - Shot Misses the Net.
10:02 of 1st period - Wrist shot by Teuvo Teravainen.
10:02 of 1st period - Shot Misses the Net.
10:04 of 1st period - Slapshot by Matthew Benning.
10:04 of 1st period - Shot Misses the Net.
10:08 of 1st period - Snap shot by Nikolaj Ehlers.
10:08 of 1st period - Stopped by Calvin Pickard without a rebound.
10:09 of 1st period - Steven Stamkos wins face-off versus Dylan Strome in Detroit Red Wings zone.
10:36 of 1st period - Matthew Boldy is hit by Mathew Barzal and loses puck.
11:19 of 1st period - David Kampf is hit by Keegan Kolesar and loses puck.
11:49 of 1st period - Slapshot by Jared McCann.
11:49 of 1st period - Stopped by Igor Shesterkin with a rebound.
11:51 of 1st period - Wrist shot by MacKenzie Weegar.
11:51 of 1st period - Shot Blocked by Jake Walman.
11:53 of 1st period - Snap shot by MacKenzie Weegar.
11:53 of 1st period - Stopped by Igor Shesterkin with a rebound.
12:20 of 1st period - Icing by Jake Walman.
12:21 of 1st period - Raphael Lavoie wins face-off versus Dylan Strome in New York Rangers zone.
12:34 of 1st period - Wrist shot by Steven Stamkos.
12:34 of 1st period - Stopped by Igor Shesterkin with a rebound.
12:36 of 1st period - Slapshot by Zach Bogosian.
12:36 of 1st period - Stopped by Igor Shesterkin without a rebound.
12:37 of 1st period - Joe Pavelski wins face-off versus Carter Verhaeghe in New York Rangers zone.
13:24 of 1st period - Off-side.
13:25 of 1st period - Raphael Lavoie wins face-off versus David Kampf in neutral zone.
13:30 of 1st period - Slapshot by Tyler Johnson.
13:30 of 1st period - Goal by Tyler Johnson - New York Rangers : 0 - Detroit Red Wings : 1.
13:31 of 1st period - Joe Pavelski wins face-off versus Mika Zibanejad in neutral zone.
13:34 of 1st period - Wrist shot by Cole Caufield.
13:34 of 1st period - Stopped by Calvin Pickard with a rebound.
13:36 of 1st period - Snap shot by Adam Larsson.
13:36 of 1st period - Deflect By Joe Pavelski.
13:36 of 1st period - Shot Misses the Net.
13:36 of 1st period - Puck is out of play.
13:37 of 1st period - Mika Zibanejad wins face-off versus Joe Pavelski in Detroit Red Wings zone.
14:16 of 1st period - Jake Walman is hit by Steven Stamkos and loses puck.
14:27 of 1st period - Snap shot by Brendan Gallagher.
14:27 of 1st period - Shot Misses the Net.
14:49 of 1st period - Snap shot by Nikolaj Ehlers.
14:49 of 1st period - Stopped by Calvin Pickard without a rebound.
14:50 of 1st period - Dylan Strome wins face-off versus Raphael Lavoie in Detroit Red Wings zone.
14:51 of 1st period - Snap shot by Artemi Panarin.
14:51 of 1st period - Stopped by Calvin Pickard without a rebound.
14:52 of 1st period - Nathan MacKinnon wins face-off versus Raphael Lavoie in Detroit Red Wings zone.
14:57 of 1st period - Slapshot by Artemi Panarin.
14:57 of 1st period - Stopped by Calvin Pickard with a rebound.
15:01 of 1st period - Wrist shot by Nathan MacKinnon.
15:01 of 1st period - Shot Misses the Net.
15:09 of 1st period - Slapshot by Artemi Panarin.
15:09 of 1st period - Stopped by Calvin Pickard with a rebound.
15:16 of 1st period - Icing by Zach Bogosian.
15:17 of 1st period - Joe Pavelski wins face-off versus Steven Stamkos in Detroit Red Wings zone.
15:18 of 1st period - Backhand shot by Mathew Barzal.
15:18 of 1st period - Goal by Mathew Barzal - New York Rangers : 1 - Detroit Red Wings : 1.
15:19 of 1st period - Joe Pavelski wins face-off versus Mika Zibanejad in neutral zone.
16:09 of 1st period - Snap shot by Artemi Panarin.
16:09 of 1st period - Shot Blocked by Jeff Petry.
16:29 of 1st period - Wrist shot by Marcus Foligno.
16:29 of 1st period - Shot Misses the Net.
16:31 of 1st period - Wrist shot by Matthew Benning.
16:31 of 1st period - Shot Misses the Net.
16:35 of 1st period - Snap shot by Conor Garland.
16:35 of 1st period - Stopped by Calvin Pickard without a rebound.
16:36 of 1st period - Joe Pavelski wins face-off versus Mika Zibanejad in Detroit Red Wings zone.
17:03 of 1st period - Dylan Strome is hit by Steven Stamkos and loses puck.
17:32 of 1st period - MacKenzie Weegar is hit by Mikael Granlund and loses puck.
19:02 of 1st period - Snap shot by Nikolaj Ehlers.
19:02 of 1st period - Stopped by Calvin Pickard without a rebound.
19:03 of 1st period - Kevin Stenlund wins face-off versus Joe Pavelski in Detroit Red Wings zone.
19:16 of 1st period - Wrist shot by Mathew Barzal.
19:16 of 1st period - Stopped by Calvin Pickard without a rebound.
19:17 of 1st period - Steven Stamkos wins face-off versus Dylan Strome in Detroit Red Wings zone.
19:39 of 1st period - Dylan Strome is hit by Jared McCann and loses puck.
19:56 of 1st period - Wrist shot by Artemi Panarin.
19:56 of 1st period - Stopped by Calvin Pickard with a rebound.
19:58 of 1st period - Slapshot by Jake Walman.
19:58 of 1st period - Shot Blocked by Jeff Petry.
Goals for this period are 1 for New York Rangers vs 1 for Detroit Red Wings.
Shots for this period are 13 for New York Rangers vs 10 for Detroit Red Wings.
2nd period
0:01 of 2nd period - Mika Zibanejad wins face-off versus Joe Pavelski in neutral zone.
0:04 of 2nd period - Wrist shot by Matthew Boldy.
0:04 of 2nd period - Shot Misses the Net.
0:14 of 2nd period - Snap shot by Mika Zibanejad.
0:14 of 2nd period - Goal by Mika Zibanejad - New York Rangers : 1 - Detroit Red Wings : 2.
0:15 of 2nd period - Joe Pavelski wins face-off versus Mika Zibanejad in neutral zone.
0:20 of 2nd period - Cam Fowler is hit by Zachary Werenski and loses puck.
0:51 of 2nd period - Slapshot by Tyler Johnson.
0:51 of 2nd period - Shot Blocked by Jake McCabe.
0:53 of 2nd period - Slapshot by Jeff Petry.
0:53 of 2nd period - Shot Blocked by Cam Fowler.
1:11 of 2nd period - Snap shot by Mikael Granlund.
1:11 of 2nd period - Shot Blocked by Shayne Gostisbehere.
1:13 of 2nd period - Slapshot by Jake McCabe.
1:13 of 2nd period - Stopped by Calvin Pickard without a rebound.
1:14 of 2nd period - Dylan Strome wins face-off versus Mika Zibanejad in Detroit Red Wings zone.
1:25 of 2nd period - Snap shot by Artemi Panarin.
1:25 of 2nd period - Stopped by Calvin Pickard with a rebound.
1:31 of 2nd period - Slapshot by Nathan MacKinnon.
1:31 of 2nd period - Deflect By Dylan Strome.
1:31 of 2nd period - Stopped by Calvin Pickard with a rebound.
3:32 of 2nd period - Wrist shot by Matthew Boldy.
3:32 of 2nd period - Shot Hit the Post.
3:40 of 2nd period - Snap shot by Mika Zibanejad.
3:40 of 2nd period - Shot Misses the Net.
3:42 of 2nd period - Wrist shot by Mika Zibanejad.
3:42 of 2nd period - Stopped by Igor Shesterkin with a rebound.
3:44 of 2nd period - Slapshot by Zachary Werenski.
3:44 of 2nd period - Shot Blocked by Brendan Smith.
3:46 of 2nd period - Slapshot by Matthew Boldy.
3:46 of 2nd period - Stopped by Igor Shesterkin with a rebound.
3:48 of 2nd period - Snap shot by Carter Verhaeghe.
3:48 of 2nd period - Shot Misses the Net.
3:50 of 2nd period - Snap shot by Mika Zibanejad.
3:50 of 2nd period - Shot Misses the Net.
3:52 of 2nd period - Wrist shot by Mika Zibanejad.
3:52 of 2nd period - Shot Misses the Net.
4:54 of 2nd period - Wrist shot by Carter Verhaeghe.
4:54 of 2nd period - Shot Misses the Net.
5:28 of 2nd period - Carter Verhaeghe is hit by Matthew Benning and loses puck.
5:43 of 2nd period - Snap shot by Artemi Panarin.
5:43 of 2nd period - Stopped by Calvin Pickard with a rebound.
6:38 of 2nd period - Snap shot by Nathan MacKinnon.
6:38 of 2nd period - Stopped by Calvin Pickard with a rebound.
6:46 of 2nd period - Icing by Artemi Panarin.
6:47 of 2nd period - Steven Stamkos wins face-off versus Dylan Strome in New York Rangers zone.
7:20 of 2nd period - Brendan Smith is hit by Jeff Petry and loses puck.
8:15 of 2nd period - Snap shot by Mikael Granlund.
8:15 of 2nd period - Shot Misses the Net.
8:17 of 2nd period - Slapshot by Matthew Benning.
8:17 of 2nd period - Stopped by Calvin Pickard with a rebound.
8:19 of 2nd period - Slapshot by Matthew Benning.
8:19 of 2nd period - Shot Blocked by Kevin Stenlund.
8:21 of 2nd period - Snap shot by Mikael Granlund.
8:21 of 2nd period - Stopped by Calvin Pickard with a rebound.
8:23 of 2nd period - Slapshot by Matthew Benning.
8:23 of 2nd period - Deflect By Nikolaj Ehlers.
8:23 of 2nd period - Shot Blocked by Jeff Petry.
8:23 of 2nd period - Puck is out of play.
8:24 of 2nd period - Joe Pavelski wins face-off versus Christian Fischer in Detroit Red Wings zone.
9:05 of 2nd period - Slapshot by Steven Stamkos.
9:05 of 2nd period - Deflect By Jared McCann.
9:05 of 2nd period - Shot Misses the Net.
9:05 of 2nd period - Puck is out of play.
9:06 of 2nd period - Steven Stamkos wins face-off versus David Kampf in New York Rangers zone.
9:09 of 2nd period - Slapshot by Daniel Sprong.
9:09 of 2nd period - Shot Misses the Net.
9:11 of 2nd period - Minor Penalty to Jake McCabe for Interference.
9:12 of 2nd period - David Kampf wins face-off versus Steven Stamkos in New York Rangers zone.
10:10 of 2nd period - Snap shot by Christian Fischer.
10:10 of 2nd period - Stopped by Igor Shesterkin without a rebound.
10:11 of 2nd period - Steven Stamkos wins face-off versus Mikael Granlund in New York Rangers zone.
10:51 of 2nd period - Cam Fowler is hit by Jackson LaCombe and loses puck.
10:56 of 2nd period - Snap shot by Brendan Gallagher.
10:56 of 2nd period - Goal by Brendan Gallagher - New York Rangers : 1 - Detroit Red Wings : 3.
10:57 of 2nd period - Joe Pavelski wins face-off versus Raphael Lavoie in neutral zone.
11:30 of 2nd period - Teuvo Teravainen is hit by Jared McCann and loses puck.
11:41 of 2nd period - Brendan Gallagher is hit by Marcus Foligno and loses puck.
11:48 of 2nd period - Jake McCabe is hit by Zach Bogosian and loses puck.
15:29 of 2nd period - Adam Larsson is hit by Raphael Lavoie and loses puck.
17:41 of 2nd period - Wrist shot by Mika Zibanejad.
17:41 of 2nd period - Shot Misses the Net.
17:43 of 2nd period - Slapshot by Mika Zibanejad.
17:43 of 2nd period - Deflect By Carter Verhaeghe.
17:43 of 2nd period - Stopped by Igor Shesterkin without a rebound.
17:44 of 2nd period - Mika Zibanejad wins face-off versus Mathew Barzal in New York Rangers zone.
17:45 of 2nd period - Snap shot by Matthew Boldy.
17:45 of 2nd period - Stopped by Igor Shesterkin without a rebound.
17:46 of 2nd period - Mathew Barzal wins face-off versus Mika Zibanejad in New York Rangers zone.
17:57 of 2nd period - Jared McCann is hit by Teuvo Teravainen.
18:01 of 2nd period - Wrist shot by Steven Stamkos.
18:01 of 2nd period - Shot Misses the Net.
18:03 of 2nd period - Slapshot by Zachary Werenski.
18:03 of 2nd period - Stopped by Igor Shesterkin with a rebound.
18:05 of 2nd period - Backhand shot by Jared McCann.
18:05 of 2nd period - Shot Misses the Net.
18:07 of 2nd period - Slapshot by MacKenzie Weegar.
18:07 of 2nd period - Deflect By Jake Walman.
18:07 of 2nd period - Stopped by Igor Shesterkin with a rebound.
18:13 of 2nd period - Minor Penalty to Jake Walman for Interference.
18:14 of 2nd period - Mikael Granlund wins face-off versus Mika Zibanejad in New York Rangers zone.
18:23 of 2nd period - Marcus Foligno is hit by Mika Zibanejad and loses puck.
19:03 of 2nd period - Minor Penalty to Carter Verhaeghe for Hooking.
19:04 of 2nd period - Mika Zibanejad wins face-off versus Nathan MacKinnon in Detroit Red Wings zone.
19:04 of 2nd period - Mika Zibanejad is hit by Adam Larsson.
19:14 of 2nd period - Wrist shot by Mika Zibanejad.
19:14 of 2nd period - Deflect By Raphael Lavoie.
19:14 of 2nd period - Stopped by Igor Shesterkin with a rebound.
Goals for this period are 0 for New York Rangers vs 2 for Detroit Red Wings.
Shots for this period are 7 for New York Rangers vs 10 for Detroit Red Wings.
3rd period
0:01 of 3rd period - Mika Zibanejad wins face-off versus Dylan Strome in neutral zone.
0:13 of 3rd period - Penalty to Jake Walman is over, Jake Walman is back on ice.
0:40 of 3rd period - Off-side.
0:41 of 3rd period - Nathan MacKinnon wins face-off versus Mika Zibanejad in neutral zone.
0:44 of 3rd period - Snap shot by Mathew Barzal.
0:44 of 3rd period - Stopped by Calvin Pickard without a rebound.
0:45 of 3rd period - Nathan MacKinnon wins face-off versus Mika Zibanejad in Detroit Red Wings zone.
1:02 of 3rd period - Wrist shot by Nathan MacKinnon.
1:02 of 3rd period - Shot Misses the Net.
1:03 of 3rd period - Penalty to Carter Verhaeghe is over, Carter Verhaeghe is back on ice.
1:20 of 3rd period - Slapshot by Zachary Werenski.
1:20 of 3rd period - Stopped by Igor Shesterkin with a rebound.
1:22 of 3rd period - Slapshot by Zachary Werenski.
1:22 of 3rd period - Deflect By Steven Stamkos.
1:22 of 3rd period - Shot Misses the Net.
1:22 of 3rd period - Puck is out of play.
1:23 of 3rd period - Steven Stamkos wins face-off versus Joe Pavelski in New York Rangers zone.
1:26 of 3rd period - Wrist shot by Daniel Sprong.
1:26 of 3rd period - Stopped by Igor Shesterkin with a rebound.
1:28 of 3rd period - Slapshot by MacKenzie Weegar.
1:28 of 3rd period - Deflect By Jared McCann.
1:28 of 3rd period - Shot Blocked by Cam Fowler.
1:28 of 3rd period - Puck is out of play.
1:29 of 3rd period - Joe Pavelski wins face-off versus Steven Stamkos in New York Rangers zone.
1:29 of 3rd period - Joe Pavelski is hit by Jared McCann.
1:39 of 3rd period - Snap shot by Cole Caufield.
1:39 of 3rd period - Shot Blocked by Jared McCann.
1:41 of 3rd period - Snap shot by Joe Pavelski.
1:41 of 3rd period - Deflect By Daniel Sprong.
1:41 of 3rd period - Shot Misses the Net.
1:41 of 3rd period - Puck is out of play.
1:42 of 3rd period - Steven Stamkos wins face-off versus Nikolaj Ehlers in Detroit Red Wings zone.
1:57 of 3rd period - Slapshot by Cam Fowler.
1:57 of 3rd period - Shot Blocked by Steven Stamkos.
2:41 of 3rd period - Slapshot by Shayne Gostisbehere.
2:41 of 3rd period - Deflect By Keegan Kolesar.
2:41 of 3rd period - Shot Misses the Net.
2:41 of 3rd period - Puck is out of play.
2:42 of 3rd period - Steven Stamkos wins face-off versus Mikael Granlund in New York Rangers zone.
3:07 of 3rd period - Snap shot by Tyler Johnson.
3:07 of 3rd period - Stopped by Igor Shesterkin without a rebound.
3:08 of 3rd period - Raphael Lavoie wins face-off versus Joe Pavelski in New York Rangers zone.
3:11 of 3rd period - Wrist shot by Tyler Johnson.
3:11 of 3rd period - Shot Misses the Net.
4:01 of 3rd period - Wrist shot by Keegan Kolesar.
4:01 of 3rd period - Deflect By Kevin Stenlund.
4:01 of 3rd period - Deflect By Mikael Granlund.
4:01 of 3rd period - Shot Blocked by Jake Walman.
4:01 of 3rd period - Puck is out of play.
4:02 of 3rd period - Kevin Stenlund wins face-off versus Nikolaj Ehlers in New York Rangers zone.
4:07 of 3rd period - Slapshot by Shayne Gostisbehere.
4:07 of 3rd period - Deflect By Teuvo Teravainen.
4:07 of 3rd period - Stopped by Igor Shesterkin without a rebound.
4:08 of 3rd period - Steven Stamkos wins face-off versus Joe Pavelski in New York Rangers zone.
4:50 of 3rd period - Mika Zibanejad is hit by Cam Fowler and loses puck.
5:12 of 3rd period - Off-side.
5:13 of 3rd period - Joe Pavelski wins face-off versus Steven Stamkos in neutral zone.
6:11 of 3rd period - Snap shot by Artemi Panarin.
6:11 of 3rd period - Stopped by Calvin Pickard without a rebound.
6:12 of 3rd period - Joe Pavelski wins face-off versus Jared McCann in Detroit Red Wings zone.
6:42 of 3rd period - Wrist shot by Nikolaj Ehlers.
6:42 of 3rd period - Stopped by Calvin Pickard without a rebound.
6:43 of 3rd period - Mikael Granlund wins face-off versus Mika Zibanejad in Detroit Red Wings zone.
7:13 of 3rd period - Off-side.
7:14 of 3rd period - Dylan Strome wins face-off versus Steven Stamkos in neutral zone.
7:16 of 3rd period - Minor Penalty to Artemi Panarin for Roughing.
7:17 of 3rd period - Mikael Granlund wins face-off versus Mika Zibanejad in New York Rangers zone.
7:44 of 3rd period - Daniel Sprong is hit by Jake Walman and loses puck.
9:16 of 3rd period - Penalty to Artemi Panarin is over, Artemi Panarin is back on ice.
10:08 of 3rd period - Jackson LaCombe is hit by Conor Garland and loses puck.
10:25 of 3rd period - Carter Verhaeghe is hit by Nikolaj Ehlers and loses puck.
11:27 of 3rd period - Wrist shot by Marcus Foligno.
11:27 of 3rd period - Stopped by Calvin Pickard with a rebound.
11:29 of 3rd period - Slapshot by Brendan Smith.
11:29 of 3rd period - Stopped by Calvin Pickard with a rebound.
11:41 of 3rd period - Slapshot by Teuvo Teravainen.
11:41 of 3rd period - Shot Misses the Net.
11:51 of 3rd period - Backhand shot by Tyler Johnson.
11:51 of 3rd period - Deflect By Christian Fischer.
11:51 of 3rd period - Shot Misses the Net.
11:51 of 3rd period - Puck is out of play.
11:52 of 3rd period - Dylan Strome wins face-off versus Steven Stamkos in New York Rangers zone.
11:59 of 3rd period - Steven Stamkos is hit by Artemi Panarin and loses puck.
12:18 of 3rd period - Wrist shot by Artemi Panarin.
12:18 of 3rd period - Shot Blocked by Zach Bogosian.
12:20 of 3rd period - Slapshot by Cam Fowler.
12:20 of 3rd period - Stopped by Calvin Pickard with a rebound.
12:22 of 3rd period - Slapshot by Mathew Barzal.
12:22 of 3rd period - Shot Misses the Net.
12:24 of 3rd period - Wrist shot by Mathew Barzal.
12:24 of 3rd period - Deflect By Joe Pavelski.
12:24 of 3rd period - Deflect By Mika Zibanejad.
12:24 of 3rd period - Shot Blocked by Carter Verhaeghe.
12:24 of 3rd period - Puck is out of play.
12:25 of 3rd period - Joe Pavelski wins face-off versus Mika Zibanejad in Detroit Red Wings zone.
12:34 of 3rd period - Mika Zibanejad is hit by Adam Larsson and loses puck.
13:23 of 3rd period - Wrist shot by Nikolaj Ehlers.
13:23 of 3rd period - Shot Misses the Net.
13:25 of 3rd period - Slapshot by Mikael Granlund.
13:25 of 3rd period - Deflect By Nikolaj Ehlers.
13:25 of 3rd period - Shot Misses the Net.
13:25 of 3rd period - Puck is out of play.
13:26 of 3rd period - Steven Stamkos wins face-off versus Mikael Granlund in Detroit Red Wings zone.
13:31 of 3rd period - Snap shot by Jared McCann.
13:31 of 3rd period - Stopped by Igor Shesterkin without a rebound.
13:32 of 3rd period - Steven Stamkos wins face-off versus Mikael Granlund in New York Rangers zone.
15:38 of 3rd period - Snap shot by Mathew Barzal.
15:38 of 3rd period - Stopped by Calvin Pickard without a rebound.
15:39 of 3rd period - Mika Zibanejad wins face-off versus Joe Pavelski in Detroit Red Wings zone.
15:52 of 3rd period - Wrist shot by Matthew Boldy.
15:52 of 3rd period - Shot Misses the Net.
15:54 of 3rd period - Slapshot by MacKenzie Weegar.
15:54 of 3rd period - Shot Misses the Net.
15:56 of 3rd period - Snap shot by Matthew Boldy.
15:56 of 3rd period - Deflect By Mika Zibanejad.
15:56 of 3rd period - Goal by Mika Zibanejad - New York Rangers : 1 - Detroit Red Wings : 4.
15:57 of 3rd period - Teuvo Teravainen wins face-off versus Steven Stamkos in neutral zone.
16:23 of 3rd period - Mika Zibanejad is hit by Cole Caufield and loses puck.
16:34 of 3rd period - Snap shot by Joe Pavelski.
16:34 of 3rd period - Goal by Joe Pavelski - New York Rangers : 2 - Detroit Red Wings : 4.
16:35 of 3rd period - Mikael Granlund wins face-off versus Mika Zibanejad in neutral zone.
16:39 of 3rd period - Minor Penalty to MacKenzie Weegar for Hooking.
16:40 of 3rd period - Nathan MacKinnon wins face-off versus Mika Zibanejad in Detroit Red Wings zone.
17:00 of 3rd period - Minor Penalty to Kevin Stenlund for Holding.
17:01 of 3rd period - Mika Zibanejad wins face-off versus Nathan MacKinnon in Detroit Red Wings zone.
18:05 of 3rd period - Wrist shot by Nathan MacKinnon.
18:05 of 3rd period - Shot Blocked by Jackson LaCombe.
18:07 of 3rd period - Slapshot by Cam Fowler.
18:07 of 3rd period - Shot Misses the Net.
18:25 of 3rd period - Slapshot by Mathew Barzal.
18:25 of 3rd period - Shot Misses the Net.
18:27 of 3rd period - Slapshot by Cam Fowler.
18:27 of 3rd period - Shot Blocked by Shayne Gostisbehere.
18:29 of 3rd period - Slapshot by Cole Caufield.
18:29 of 3rd period - Stopped by Calvin Pickard with a rebound.
18:31 of 3rd period - Wrist shot by Nathan MacKinnon.
18:31 of 3rd period - Stopped by Calvin Pickard with a rebound.
18:39 of 3rd period - Penalty to MacKenzie Weegar is over, MacKenzie Weegar is back on ice.
19:00 of 3rd period - Penalty to Kevin Stenlund is over, Kevin Stenlund is back on ice.
19:05 of 3rd period - Snap shot by Artemi Panarin.
19:05 of 3rd period - Shot Blocked by Steven Stamkos.
19:07 of 3rd period - Snap shot by Mathew Barzal.
19:07 of 3rd period - Stopped by Calvin Pickard with a rebound.
19:15 of 3rd period - Snap shot by Artemi Panarin.
19:15 of 3rd period - Stopped by Calvin Pickard with a rebound.
19:21 of 3rd period - Wrist shot by Nathan MacKinnon.
19:21 of 3rd period - Stopped by Calvin Pickard without a rebound.
19:22 of 3rd period - Raphael Lavoie wins face-off versus Dylan Strome in Detroit Red Wings zone.
Goals for this period are 1 for New York Rangers vs 1 for Detroit Red Wings.
Shots for this period are 13 for New York Rangers vs 6 for Detroit Red Wings.
Back to the Top